 Dungeon Crawl Stone Soup version 0.22-a0-525-gf69a080 (webtiles) character file.

46 iamserjio the Insei (level 3, 0/19 HPs)
             Began as a Vine Stalker Skald on June 21, 2018.
             Slain by an ogre
             ... wielding a cursed -2 giant club
              (14 damage)
             ... on level 4 of the Dungeon.
             The game lasted 00:04:22 (590 turns).

iamserjio the Insei (Vine Stalker Skald)             Turns: 590, Time: 00:04:22

Health: 0/19       AC:  6    Str: 13    XL:     3   Next: 66%
Magic:  0/7        EV: 10    Int: 14    God:
Gold:   146        SH:  0    Dex: 13    Spells: 0/6 levels left

rFire    . . .     SeeInvis .     - Unarmed
rCold    . . .     Gourm    .   (no shield)
rNeg     . . .     Faith    .   e - +1 ring mail
rPois    .         Spirit   +   (no helmet)
rElec    .         Reflect  .   (no cloak)
rCorr    .         Harm     .   (no gloves)
MR       .....                  (no boots)
Stlth    +.........             (no amulet)
HPRegen  0.06/turn              (no ring)
MPRegen  0.10/turn              (no ring)

@: infused
A: fangs 2, magic shield, antimagic bite, no potion heal 3, rot immunity
a: no special abilities


You were on level 4 of the Dungeon.
You were not hungry.

You visited 1 branch of the dungeon, and saw 4 of its levels.

You collected 146 gold pieces.

Inventory:

Hand Weapons
 d - a +0 hunting sling of flaming
Missiles
 i - 8 tomahawks (quivered)
Armour
 a - a +0 leather armour
 e - a +1 ring mail (worn)
Scrolls
 f - a scroll of teleportation {unknown}
 h - a scroll of amnesia {unknown}
 j - a scroll of remove curse {unknown}
 l - a scroll of enchant armour
Potions
 b - a potion of flight {unknown}
 g - a potion of curing {unknown}
 k - a potion of ambrosia {unknown}
Comestibles
 c - 2 rations
 m - 2 chunks of flesh


   Skills:
 + Level 2.4 Fighting
 - Level 0.7 Armour
 - Level 1.5 Dodging
 * Level 3.4 Unarmed Combat
 - Level 2.1 Spellcasting
 - Level 3.0 Charms


You couldn't memorise any spells.
You knew the following spells:

 Your Spells              Type           Power        Failure   Level  Hunger
a - Infusion              Chrm           #...         14%         1    #......
b - Song of Slaying       Chrm           #.......     22%         2    ###....
c - Regeneration          Chrm/Necr      #.........   63%         3    ###....

Your spell library contained the following spells:

 Spells                   Type           Power        Failure   Level  Hunger
 Shroud of Golubria       Chrm/Tloc      #.........   38%         2    ###....
 Spectral Weapon          Hex/Chrm       #.......     63%         3    ###....


Dungeon Overview and Level Annotations

Branches:
Dungeon (4/15)
 Temple: D:4-7

Altars:


Innate Abilities, Weirdness & Mutations

You have extremely sharp teeth.
When hurt, damage is shared between your health and your magic reserves.
Your bite disrupts and absorbs the magic of your enemies.
Potions cannot restore your health.
You are immune to rotting.


Message History

You see here a leopard gecko corpse.
You butcher the leopard gecko corpse.
m - 2 chunks of flesh
Found 8 gold pieces.
You now have 146 gold pieces (gained 8).
As you read the scroll labeled RETONI KIPRU, it crumbles to dust.
It is a scroll of enchant armour.
Your +0 ring mail glows green for a moment.
An ogre comes into view. It is wielding a giant club.
The ogre shouts!
You hear a bark!
You aren't carrying any items that you can evoke.
Unknown command.
Casting: Regeneration (quite dangerous; 63% risk of failure)
Confirm with . or Enter, or press ? or * to list all spells.
You begin infusing your attacks with magical energy.
You hit the ogre.
The ogre is lightly wounded.
The ogre hits you with a giant club!!
Ouch! That really hurt!
You die...

#. .# ##. .#
#.. .# .. .#
#. .#
#.######.#
#.###.O......#
#.....@......#
###########.##
#.# #.# #.#
#.# ###.#
#...# #####
#.### ...#


You could see an ogre.

Vanquished Creatures
  An adder (D:2)
  A worm (D:3)
  2 dart slugs
  2 leopard geckos
  4 bats
  A giant cockroach (D:1)
  5 goblins
  2 hobgoblins
  2 kobolds
  A quokka (D:2)
  A frilled lizard (D:1)
  5 rats (D:1)
27 creatures vanquished.

Notes
Turn   | Place    | Note
-------+----------+-------------------------------------------
     0 | D:1      | iamserjio the Vine Stalker Skald began the quest for the Orb.
     0 | D:1      | Reached XP level 1. HP: 11/11 MP: 4/4
    91 | D:1      | Reached XP level 2. HP: 9/15 MP: 6/6
   258 | D:2      | Learned a level 2 spell: Song of Slaying
   287 | D:2      | Reached XP level 3. HP: 9/18 MP: 2/7
   454 | D:3      | Learned a level 3 spell: Regeneration
   587 | D:4      | Noticed an ogre
   590 | D:4      | Slain by an ogre

Vault maps used:
D:1:      minmay_arrival_five_plusses, minmay_tromino_i4
D:2:      uniq_terence, uniq_natasha
D:3:      first_ration
D:4:      temple_fountains, gammafunk_ghost_necromancy, uniq_blork_the_orc,
          uniq_pikel

Skill      XL: |  1  2 |
---------------+-------+-----
Fighting       | 2 |  2.4
Unarmed Combat | 3 |  3.4
Armour         | |  0.7
Dodging        | |  1.5
Spellcasting   | |  2.1
Charms         | |  3.0

Action                   || total
-------------------------++-------
Melee: Unarmed           ||   105
       Bite              ||    23
       Punch             ||     2
Throw: Tomahawk          ||     2
 Cast: Infusion          ||     3
       Regeneration      ||     1
  Use: Scroll            ||     1
Armor: Leather armour    ||    13
       Ring mail         ||    30
Dodge: Dodged            ||    51

Table legend:
 A = Spawn XP
 B = Non-spawn XP
 C = Spawn XP percentage of total XP
 D = Spawn monster count
 E = Non-spawn monster count
 F = Spawn count percentage of total count
 G = Total turns spent on level
                    A         B        C        D         E        F      G
               +---------+---------+-------+---------+---------+-------+---------
         Total |       0 |      66 |   0.0 |       0 |      27 |   0.0 |   590
               +---------+---------+-------+---------+---------+-------+---------
           D:1 |       0 |      25 |   0.0 |       0 |      15 |   0.0 |   241
           D:2 |       0 |      30 |   0.0 |       0 |       8 |   0.0 |   194
           D:3 |       0 |       8 |   0.0 |       0 |       3 |   0.0 |    70
           D:4 |       0 |       3 |   0.0 |       0 |       1 |   0.0 |    85
               +---------+---------+-------+---------+---------+-------+---------
